 Dungeon Crawl Stone Soup version 0.17-a0-2118-g63bad21 (webtiles) character file.

46 Duffy the Shield-Bearer (level 3, 0/29 HPs)
             Began as a Formicid Fighter on Oct 20, 2015.
             Slain by a goblin (3 damage)
             ... led by Robin
             ... on level 3 of the Dungeon.
             The game lasted 00:01:05 (342 turns).

Duffy the Shield-Bearer (Formicid Fighter)           Turns: 342, Time: 00:01:06

Health: 0/29       AC:  6    Str: 21    XL:     3   Next: 95%
Magic:  3/3        EV:  8    Int:  7    God:
Gold:   21         SH:  9    Dex: 10    Spells: 0 memorised, 2 levels left

rFire  . . .     SeeInvis +     a - +0 war axe
rCold  . . .     Clarity  .     b - +0 scale mail
rNeg   . . .     SustAt   .     c - +0 shield
rPois  .         Gourm    .     (helmet unavailable)
rElec  .         Spirit   .     (no cloak)
rCorr  .         Warding  .     (no gloves)
rMut   .         Stasis   +     (no boots)
MR     .....                    (no amulet)
Stlth  ..........               (no ring)
                                (no ring)

@: not resistant to hostile enchantments, extremely unstealthy
A: permanent stasis, dig shafts and tunnels, four strong arms, antennae 3
a: Dig, Shaft Self


You were on level 3 of the Dungeon.
You were not hungry.

You visited 1 branch of the dungeon, and saw 3 of its levels.

You collected 21 gold pieces.


Innate Abilities, Weirdness & Mutations

You are under a permanent stasis effect.
You can dig through walls and to a lower floor.
Your four strong arms can wield two-handed weapons with a shield.
You have a pair of large antennae on your head (SInv).


   Skills:
 - Level 3.2 Fighting
 + Level 3.1 Axes
 - Level 3.2 Armour
 + Level 4.6 Shields


You had 2 spell levels left.
You didn't know any spells.

Inventory:

Hand Weapons
 a - a +0 war axe (weapon)
Missiles
 i - 54 stones (quivered)
 j - 19 poisoned needles
Armour
 b - a +0 scale mail (worn)
 c - a +0 shield (worn)
Scrolls
 f - a scroll of teleportation {unknown}
 l - 2 scrolls of remove curse {unknown}
 m - a scroll of amnesia {unknown}
Potions
 d - a potion of might
 g - a potion of curing {unknown}
Comestibles
 e - 2 bread rations
 h - a meat ration
 k - a royal jelly

Dungeon Overview and Level Annotations

Branches:
Dungeon (3/15)

Altars:


Message History

Your Axes skill increases to level 3!
You closely miss the goblin. You slash the goblin!
You kill the goblin!
You slash the goblin!
You kill the goblin!
You closely miss the goblin. You slash Robin!
Robin is heavily wounded.
Robin hits you but does no damage. You block the goblin's attack.
The goblin hits you but does no damage.
You slash Robin!
You kill Robin!
You barely miss the goblin. You completely miss the goblin.
You hit the goblin but do no damage. You block the goblin's attack.
The goblin closely misses you. You block the goblin's attack.
The goblin hits you but does no damage. The goblin barely misses you.
The goblin hits you but does no damage. You block the goblin's attack.
Items here: )) [[ † a club; an animal skin; a helmet; a dagger; a goblin corpse You hit the goblin.
You kill the goblin!
You hit the goblin.
The goblin is almost dead.
You closely miss the goblin. You block the goblin's attack.
The goblin hits you but does no damage. The goblin barely misses you.
The goblin hits you but does no damage.
The goblin wields an uncursed hunting sling.
The goblin shoots a stone.
You block the stone.
Items here: ( ))))) †† You slash the goblin!
You kill the goblin!
The goblin shoots a stone.
The stone hits you.
The goblin unwields an uncursed hunting sling.
The goblin hits you.
You die...

.........#.##.#[# .....
.........#......# .......
.†.......###.#..##.......
.........# #.#...#.......
†.†....^.###(##..#.......
###########...(.>........
# #...#).†....... #
#...#)()....... #
#...#g@).......
#...#..........
#...#..........
#...#..........
#...#..........
#...###########


You could see a goblin.

Action                   || total
-------------------------++-------
Melee: War axe           ||    44

Notes
Turn   | Place    | Note
--------------------------------------------------------------
     0 | D:1      | Duffy the Formicid Fighter began the quest for the Orb.
     0 | D:1      | Reached XP level 1. HP: 18/18 MP: 1/1
   154 | D:1      | You fall through a shaft!
   215 | D:2      | Reached XP level 2. HP: 24/24 MP: 2/2
   227 | D:3      | Reached skill level 4 in Shields
   305 | D:3      | Reached XP level 3. HP: 20/29 MP: 3/3
   330 | D:3      | Noticed Robin
   336 | D:3      | Reached skill level 3 in Axes
   337 | D:3      | Killed Robin
   342 | D:3      | Slain by a goblin

Vault maps used:
D:1:      dpeg_arrival_radiant
D:2:      serial_bayou, serial_bayou_shore_b, serial_bayou_shore_b,
          serial_bayou_pond_e, serial_bayou_pond_e, serial_bayou_shore_a
D:3:      grunt_temple_overflow_diamond, portal_sewer_entry_f,
          kennysheep_generic_room_12, uniq_robin

Vanquished Creatures
  Robin
  An adder
  A giant gecko
  A bat
  A giant cockroach
  2 hobgoblins
  3 kobolds
  2 giant newts
  11 goblins
  3 rats
26 creatures vanquished.
